 Dungeon Crawl Stone Soup version 0.20.0 (webtiles) character file.

37 FakerFangirl the Cudgeler (level 3, -1/31 HPs)
             Began as a Draconian Fighter on May 26, 2017.
             Slain by a gnoll
             ... wielding a +0 spear
              (2 damage)
             ... on level 2 of the Dungeon.
             The game lasted 00:01:09 (921 turns).

FakerFangirl the Cudgeler (Draconian Fighter)        Turns: 921, Time: 00:01:09

Health: -1/31      AC:  5    Str: 15 (18) XL:     3   Next: 21%
Magic:  3/3        EV: 10    Int:  7 (8)  God:
Gold:   0          SH:  8    Dex: 10 (11) Spells: 2/2 levels left

rFire    . . .     SeeInvis .   Y - +0 flail
rCold    . . .     Gourm    .   b - +0 shield
rNeg     . . .     Faith    .   (armour unavailable)
rPois    .         Spirit   .   (helmet restricted)
rElec    .         Reflect  .   (no cloak)
rCorr    .         Harm     .   (no gloves)
MR       .....                  (no boots)
Stlth    +.........             (no amulet)
Regen    0.1/turn               (no ring)
MPRegen  0.1/turn               (no ring)

@: no status effects
A: unfitting armour, cold-blooded, AC +5
a: no special abilities


You were on level 2 of the Dungeon.
You were not hungry.

You visited 1 branch of the dungeon, and saw 2 of its levels.


Innate Abilities, Weirdness & Mutations

Your plain brown scales are hard. (AC +5)
You cannot fit into any form of body armour.
You are cold-blooded and may be slowed by cold attacks.


   Skills:
 - Level 3.2 Fighting
 + Level 3.7 Maces & Flails
 - Level 2.6 Dodging
 - Level 3.0 Shields


You had 2 spell levels left.
You didn't know any spells.

Inventory:

Hand Weapons
 Y - a +0 flail (weapon)
Armour
 b - a +0 shield (worn)
Potions
 c - a potion of might
 g - a potion of agility {unknown}
Comestibles
 d - a bread ration
 f - 2 chunks of flesh
 j - a royal jelly

Dungeon Overview and Level Annotations

Branches:
Dungeon (2/15)

Altars:


Message History

You sock the gnoll!
You kill the gnoll!
You have reached level 3!
Your experience leads to an increase in your attributes!
Your base attributes are Str 18, Int 8, Dex 10.
Increase (S)trength, (I)ntelligence, or (D)exterity?
You feel agile.
Your scales feel tougher.
The gnoll barely misses you.
You hit the gnoll.
The gnoll is moderately wounded.
You block the gnoll's attack.
The gnoll hits you from afar with a spear!
The gnoll hits you with a whip of freezing.
The gnoll freezes you.
You sock the gnoll!
The gnoll is almost dead.
The gnoll hits you from afar with a spear!
The gnoll completely misses you.
The gnoll hits you from afar with a spear.
You die...

#####.##.##.##
#.....<.......
####..#.......
#....#...##
#>...#...#
###?.........
#.g..........
#g#........##
#@#.#..#....
#..#......#..
#.#....#..# #.
#.#....%. ..
#.#.#..#. .#.
.#.#.. ... #
..


You could see 2 gnolls.

Vanquished Creatures
  A gnoll (D:2)
  3 dart slugs (D:1)
  3 bats (D:1)
  2 giant cockroaches (D:1)
  4 goblins (D:1)
  2 hobgoblins (D:1)
  A ball python (D:1)
  A frilled lizard (D:1)
  A kobold (D:1)
  3 rats (D:1)
21 creatures vanquished.

Notes
Turn   | Place    | Note
-------+----------+-------------------------------------------
     0 | D:1      | FakerFangirl the Draconian Fighter began the quest for the Orb.
     0 | D:1      | Reached XP level 1. HP: 19/19 MP: 1/1
     0 | D:1      | 0 ||| counter = 74
   105 | D:1      | Reached XP level 2. HP: 26/26 MP: 2/2
   446 | D:1      | Reached skill level 3 in Maces & Flails
   882 | D:1      | 882 ||| READING scroll labeled DOD ZOM BUITT.
   883 | D:1      | 883 ||| READING scroll labeled PIYJYM ZOIDITA.
   884 | D:1      | 884 ||| DRINKING 2 coppery potions.
   885 | D:1      | 885 ||| DROPPING potion of degeneration.
   909 | D:2      | 909 ||| Stepping ~*~*~tactically~*~*~ (outnumbered).
   911 | D:2      | 911 ||| Stepping ~*~*~tactically~*~*~ (outnumbered).
   912 | D:2      | 912 ||| Stepping ~*~*~tactically~*~*~ (outnumbered).
   914 | D:2      | 914 ||| Stepping ~*~*~tactically~*~*~ (outnumbered).
   916 | D:2      | 916 ||| Stepping ~*~*~tactically~*~*~ (outnumbered).
   919 | D:2      | Reached XP level 3. HP: 19/31 MP: 3/3
   921 | D:2      | HP: 1/31 [gnoll/spear (9)]
   921 | D:2      | Slain by a gnoll

Vault maps used:
D:1:      ncdulo_smallfort
D:2:      lemuel_crystal_altar, lemuel_doored_altar, kennysheep_slug_shrine,
          uniq_terence

Skill      XL: |  1  2 |
---------------+-------+-----
Maces & Flails | 3 |  3.7
Fighting       | |  3.2
Dodging        | |  2.6
Shields        | |  3.0

Action                   || total
-------------------------++-------
Melee: Flail             ||    62
       Tailslap          ||     7
  Use: Scroll            ||     2
       Potion            ||     1
Armor: Skin              ||    18
Dodge: Dodged            ||    32
Block: Shield            ||    29
